TOP OF THE 1ST |
Louisiana State University Tigers batting - Pitching for University of Alabama Crimson Tide : LHP Nick Barnes
|
Pitching: LHP Nick Barnes
|
|
Batting: RHB Tony Godley
|
0-0: SINGLE (Groundball, 56S, EV 68.1 MPH) (infield hit)
|
Batting: RHB Brandon White
|
0-0: Ball 1-0: Called Strike 1-1: Ball 2-1: Called Strike 2-2: SINGLE (Line Drive, 78S, EV 92.5 MPH) Tony Godley to second
|
Batting: RHB Brad Santanello
|
0-0: SINGLE (Groundball, 56, EV 110.0 MPH) Tony Godley to third Brandon White to second Runner from 3rd tries for Home, SAFE, throw by LF to home
|
Batting: RHB Brian Rogers
|
0-0: Ball 1-0: Foul Ball, location: 2F 1-1: Grounds into double play, 3-6-3 (Groundball, 34S, EV 90.6 MPH) Brandon White to third
|
Batting: RHB Tim Long
|
0-0: Ball 1-0: Called Strike 1-1: Ball 2-1: Swinging Strike 2-2: Foul Ball, location: 2F 2-2: Fly out, F8 (Flyball, 8LD, EV 86.9 MPH)
|
Top of the 1st over - 1 run, 3 hits, 0 errors, 1 left on base; Louisiana State University 1 - University of Alabama 0 |
BOTTOM OF THE 1ST |
University of Alabama Crimson Tide batting - Pitching for Louisiana State University Tigers : LHP Jeff Tavella
|
Pitching: LHP Jeff Tavella
|
|
Batting: RHB Kenzo Shinoda
|
0-0: Called Strike 0-1: Swinging Strike 0-2: Fly out, F8 (Flyball, 8LD, EV 106.9 MPH)
|
Batting: RHB Adam Turpin
|
0-0: Ball 1-0: Called Strike 1-1: Ball 2-1: Foul Ball, location: 2F 2-2: Foul Ball, location: 2F 2-2: Fly out, F9 (Flyball, 9D, EV 88.1 MPH)
|
Batting: RHB Steve Gusman
|
0-0: Called Strike 0-1: Called Strike 0-2: Ball 1-2: Fly out, F8 (Flyball, 8RS, EV 75.0 MPH)
|
Bottom of the 1st over - 0 runs, 0 hits, 0 errors, 0 left on base; Louisiana State University 1 - University of Alabama 0 |
TOP OF THE 2ND |
Louisiana State University Tigers batting - Pitching for University of Alabama Crimson Tide : LHP Nick Barnes
|
Batting: RHB Dave Fredericks
|
0-0: Ball 1-0: Ball 2-0: Called Strike 2-1: SINGLE (Popup, 5S, EV 91.3 MPH)
|
Batting: RHB Ethan Finke
|
0-0: Ball 1-0: Ball 2-0: Ball 3-0: Base on Balls Dave Fredericks to second
|
Batting: RHB Josiah Russell
|
0-0: Called Strike 0-1: Ball 1-1: Ball 2-1: Foul Ball, location: 2F 2-2: Foul Ball, location: 2F 2-2: Foul Ball, location: 2F 2-2: Strikes out swinging
|
Batting: RHB Chris Trites
|
0-0: Ball 1-0: Foul Ball, location: 2F 1-1: Fielders Choice at 2nd, 6-4 (Groundball, 6M, EV 83.8 MPH) Dave Fredericks to third
|
Batting: RHB Tony Godley
|
0-0: Ball 1-0: Ball 2-0: Fly out, F5 (Popup, 15, EV 90.0 MPH)
|
Top of the 2nd over - 0 runs, 1 hit, 0 errors, 2 left on base; Louisiana State University 1 - University of Alabama 0 |
BOTTOM OF THE 2ND |
University of Alabama Crimson Tide batting - Pitching for Louisiana State University Tigers : LHP Jeff Tavella
|
Batting: RHB Eric Kuck
|
0-0: Called Strike 0-1: Swinging Strike 0-2: Foul Ball, location: 2F 0-2: Strikes out swinging
|
Batting: RHB Malik Sharpless
|
0-0: Ball 1-0: Called Strike 1-1: Foul Ball, location: 2F 1-2: Ground out 5-3 (Groundball, 56, EV 93.8 MPH)
|
Batting: RHB Mark Stafford
|
0-0: Called Strike 0-1: Ground out 5-3 (Groundball, 56, EV 83.1 MPH)
|
Bottom of the 2nd over - 0 runs, 0 hits, 0 errors, 0 left on base; Louisiana State University 1 - University of Alabama 0 |
TOP OF THE 3RD |
Louisiana State University Tigers batting - Pitching for University of Alabama Crimson Tide : LHP Nick Barnes
|
Batting: RHB Brandon White
|
0-0: Fly out, F8 (Flyball, 8LXD, EV 96.9 MPH)
|
Batting: RHB Brad Santanello
|
0-0: SINGLE (Line Drive, 4D, EV 95.6 MPH)
|
Batting: RHB Brian Rogers
|
0-0: Ball 1-0: Ball 2-0: Called Strike 2-1: 2-RUN HOME RUN (Flyball, 7D, EV 96.9 MPH), Distance : 372 ft
|
Batting: RHB Tim Long
|
0-0: Called Strike 0-1: Ball 1-1: Ball 2-1: Ball 3-1: Called Strike 3-2: SINGLE (Line Drive, 8LS, EV 93.1 MPH)
|
Batting: RHB Dave Fredericks
|
0-0: Ball 1-0: Ball 2-0: Foul Ball, location: 2F 2-1: Foul Ball, location: 2F 2-2: Foul Ball, location: 2F 2-2: Ball 3-2: Fly out, F9 (Line Drive, 9, EV 95.0 MPH)
|
Batting: RHB Ethan Finke
|
0-0: Called Strike 0-1: Ground out 4-3 (Groundball, 4, EV 78.8 MPH)
|
Top of the 3rd over - 2 runs, 3 hits, 0 errors, 1 left on base; Louisiana State University 3 - University of Alabama 0 |
BOTTOM OF THE 3RD |
University of Alabama Crimson Tide batting - Pitching for Louisiana State University Tigers : LHP Jeff Tavella
|
Batting: RHB Zach Sommer
|
0-0: Ball 1-0: Ground out 6-3 (Groundball, 6, EV 106.9 MPH)
|
Batting: RHB Justin Goff
|
0-0: Ball 1-0: Called Strike 1-1: Ball 2-1: Ground out 5-3 (Groundball, 56S, EV 68.1 MPH)
|
Batting: RHB Dan Muse
|
0-0: Called Strike 0-1: Ball 1-1: Swinging Strike 1-2: Ball 2-2: Strikes out swinging
|
Bottom of the 3rd over - 0 runs, 0 hits, 0 errors, 0 left on base; Louisiana State University 3 - University of Alabama 0 |
TOP OF THE 4TH |
Louisiana State University Tigers batting - Pitching for University of Alabama Crimson Tide : LHP Nick Barnes
|
Batting: RHB Josiah Russell
|
0-0: Swinging Strike 0-1: Called Strike 0-2: Foul Ball, location: 2F 0-2: Ball 1-2: Ball 2-2: Foul Ball, location: 2F 2-2: Strikes out swinging
|
Batting: RHB Chris Trites
|
0-0: Ball 1-0: Foul Ball, location: 2F 1-1: Foul Ball, location: 2F 1-2: Strikes out swinging
|
Batting: RHB Tony Godley
|
0-0: Ground out 1-3 (Groundball, 13S, EV 71.9 MPH)
|
Top of the 4th over - 0 runs, 0 hits, 0 errors, 0 left on base; Louisiana State University 3 - University of Alabama 0 |
BOTTOM OF THE 4TH |
University of Alabama Crimson Tide batting - Pitching for Louisiana State University Tigers : LHP Jeff Tavella
|
Batting: RHB Kenzo Shinoda
|
0-0: Called Strike 0-1: Called Strike 0-2: Ball 1-2: DOUBLE (Line Drive, 78M, EV 93.1 MPH)
|
Batting: RHB Adam Turpin
|
0-0: Ball 1-0: Ball 2-0: Foul Ball, location: 2F 2-1: Foul Ball, location: 2F 2-2: Ground out 3-1 (Groundball, 34, EV 83.1 MPH) Kenzo Shinoda to third
|
Batting: RHB Steve Gusman
|
0-0: Ball 1-0: Ball 2-0: Foul Ball, location: 2F 2-1: Ball 3-1: Foul Ball, location: 2F 3-2: Foul Ball, location: 2F 3-2: Base on Balls
|
Batting: RHB Eric Kuck
|
0-0: Called Strike 0-1: Ball 1-1: Ball 2-1: Ball 3-1: Base on Balls Steve Gusman to second
|
Batting: RHB Malik Sharpless
|
0-0: Foul Ball, location: 2F 0-1: Fielders Choice at 2nd, 5-4 (Groundball, 56S, EV 79.4 MPH) Kenzo Shinoda scores Steve Gusman to third
|
Batting: RHB Mark Stafford
|
0-0: Ground out 4-3 (Groundball, 4, EV 87.5 MPH)
|
Bottom of the 4th over - 1 run, 1 hit, 0 errors, 2 left on base; Louisiana State University 3 - University of Alabama 1 |
TOP OF THE 5TH |
Louisiana State University Tigers batting - Pitching for University of Alabama Crimson Tide : LHP Nick Barnes
|
Batting: RHB Brandon White
|
0-0: Ball 1-0: Ball 2-0: Called Strike 2-1: Foul Ball, location: 2F 2-2: SINGLE (Line Drive, 7S, EV 103.1 MPH)
|
Pitching: RHP Wayne Pulsifer
|
|
Batting: RHB Brad Santanello
|
0-0: Ball 1-0: Ball 2-0: Fly out, F9 (Flyball, 9S, EV 83.8 MPH)
|
Batting: RHB Brian Rogers
|
0-0: Called Strike Brandon White is caught stealing 2nd base 2-4 0-1: Called Strike 0-2: Ground out 5-3 (Groundball, 15, EV 85.0 MPH)
|
Top of the 5th over - 0 runs, 1 hit, 0 errors, 0 left on base; Louisiana State University 3 - University of Alabama 1 |
BOTTOM OF THE 5TH |
University of Alabama Crimson Tide batting - Pitching for Louisiana State University Tigers : LHP Jeff Tavella
|
Batting: RHB Zach Sommer
|
0-0: Swinging Strike 0-1: Ball 1-1: Called Strike 1-2: Foul Ball, location: 2F 1-2: Ball 2-2: Foul Ball, location: 2F 2-2: Strikes out looking
|
Batting: RHB Justin Goff
|
0-0: Ball 1-0: SINGLE (Groundball, 34D, EV 97.5 MPH)
|
Batting: RHB Dan Muse
|
0-0: Called Strike 0-1: Foul Ball, location: 2F 0-2: Ball 1-2: Ball 2-2: Foul Ball, location: 2F 2-2: Fielders Choice at 2nd, 6-4 (Groundball, 6, EV 79.4 MPH)
|
Batting: RHB Kenzo Shinoda
|
0-0: Called Strike 0-1: Called Strike 0-2: Foul Ball, location: 2F 0-2: Fly out, F8 (Flyball, 8LD, EV 89.4 MPH)
|
Bottom of the 5th over - 0 runs, 1 hit, 0 errors, 1 left on base; Louisiana State University 3 - University of Alabama 1 |
TOP OF THE 6TH |
Louisiana State University Tigers batting - Pitching for University of Alabama Crimson Tide : RHP Wayne Pulsifer
|
Pinch Hitting: LHB Tyler Francis
|
0-0: Ball 1-0: Ball 2-0: SOLO HOME RUN (Flyball, 9D, EV 96.3 MPH), Distance : 368 ft
|
Batting: RHB Dave Fredericks
|
0-0: Ball 1-0: Called Strike 1-1: DOUBLE (Flyball, 8LXD, EV 105.6 MPH)
|
Batting: RHB Ethan Finke
|
0-0: Called Strike 0-1: Ground out 4-3 (Groundball, 4, EV 81.9 MPH) Dave Fredericks to third
|
Batting: RHB Josiah Russell
|
0-0: Ball 1-0: Ball 2-0: Foul Ball, location: 2F 2-1: Ball 3-1: Foul Ball, location: 2F 3-2: Fly out, F8 (Flyball, 8RS, EV 83.8 MPH)
|
Pinch Hitting: LHB Emir Jalil
|
0-0: Called Strike 0-1: Ball 1-1: Foul Ball, location: 2F 1-2: Ground out U3 (Groundball, 3, EV 82.5 MPH)
|
Top of the 6th over - 1 run, 2 hits, 0 errors, 1 left on base; Louisiana State University 4 - University of Alabama 1 |
BOTTOM OF THE 6TH |
University of Alabama Crimson Tide batting - Pitching for Louisiana State University Tigers : LHP Jeff Tavella
|
Pitching: LHP Ben Burton
|
|
Now at 2B: Coen Dirks
|
|
Now in LF: Julian Gregory
|
|
Batting: RHB Adam Turpin
|
0-0: Swinging Strike 0-1: Called Strike 0-2: Ball 1-2: Strikes out swinging
|
Batting: RHB Steve Gusman
|
0-0: Ground out 3-1 (Groundball, 34, EV 86.9 MPH)
|
Batting: RHB Eric Kuck
|
0-0: Foul Ball, location: 2F 0-1: Foul Ball, location: 2F 0-2: Ball 1-2: Fly out, F8 (Line Drive, 8RD, EV 87.5 MPH)
|
Bottom of the 6th over - 0 runs, 0 hits, 0 errors, 0 left on base; Louisiana State University 4 - University of Alabama 1 |
TOP OF THE 7TH |
Louisiana State University Tigers batting - Pitching for University of Alabama Crimson Tide : RHP Wayne Pulsifer
|
Batting: RHB Tony Godley
|
0-0: SOLO HOME RUN (Flyball, 78XD, EV 106.9 MPH), Distance : 426 ft
|
Batting: RHB Brandon White
|
0-0: Ground out U3 (Groundball, 3, EV 101.9 MPH)
|
Batting: RHB Brad Santanello
|
0-0: Foul Ball, location: 2F 0-1: Ball 1-1: Ball 2-1: Ball 3-1: Called Strike 3-2: Base on Balls
|
Batting: RHB Brian Rogers
|
0-0: Ball 1-0: Called Strike 1-1: Foul Ball, location: 2F 1-2: Ball 2-2: Strikes out looking
|
Batting: RHB Julian Gregory
|
0-0: Called Strike 0-1: Ball 1-1: Fielders Choice at 2nd, 6-4 (Groundball, 6, EV 102.5 MPH)
|
Top of the 7th over - 1 run, 1 hit, 0 errors, 1 left on base; Louisiana State University 5 - University of Alabama 1 |
BOTTOM OF THE 7TH |
University of Alabama Crimson Tide batting - Pitching for Louisiana State University Tigers : LHP Ben Burton
|
Now at 3B: Jeremy Witt
|
|
Batting: RHB Malik Sharpless
|
0-0: Foul Ball, location: 2F 0-1: Ground out 5-3 (Groundball, 56, EV 101.3 MPH)
|
Batting: RHB Mark Stafford
|
0-0: Called Strike 0-1: DOUBLE (Groundball, 5L, EV 101.3 MPH)
|
Batting: RHB Zach Sommer
|
0-0: Called Strike 0-1: Swinging Strike 0-2: SINGLE (Groundball, 6MD, EV 105.6 MPH) Mark Stafford to third Runner from 3rd tries for Home, throw by CF and OUT! 8-2
|
Batting: RHB Justin Goff
|
0-0: Ball 1-0: Ball 2-0: Swinging Strike 2-1: Ball 3-1: Called Strike 3-2: Strikes out swinging
|
Bottom of the 7th over - 0 runs, 2 hits, 0 errors, 1 left on base; Louisiana State University 5 - University of Alabama 1 |
TOP OF THE 8TH |
Louisiana State University Tigers batting - Pitching for University of Alabama Crimson Tide : RHP Wayne Pulsifer
|
Pitching: RHP Edward Rios
|
|
Batting: RHB Dave Fredericks
|
0-0: Ball 1-0: Swinging Strike 1-1: Foul Ball, location: 2F 1-2: Strikes out looking
|
Batting: RHB Ethan Finke
|
0-0: Ball 1-0: Ball 2-0: SINGLE (Groundball, 56, EV 98.1 MPH) (infield hit)
|
Batting: RHB Josiah Russell
|
0-0: Called Strike 0-1: Foul Ball, location: 2F 0-2: SINGLE (Groundball, 6MS, EV 71.9 MPH) (infield hit) Ethan Finke to second
|
Batting: RHB Coen Dirks
|
0-0: Called Strike Ethan Finke steals 3rd base Josiah Russell to second 0-1: Ball 1-1: Foul Ball, location: 2F 1-2: Fly out, F8 (Flyball, 8RD, EV 98.1 MPH) Runner from 3rd tags up, SCORES, throw by CF
|
Batting: RHB Tony Godley
|
0-0: Called Strike 0-1: Ball 1-1: Ground out 6-3 (Groundball, 6, EV 96.9 MPH)
|
Top of the 8th over - 1 run, 2 hits, 0 errors, 1 left on base; Louisiana State University 6 - University of Alabama 1 |
BOTTOM OF THE 8TH |
University of Alabama Crimson Tide batting - Pitching for Louisiana State University Tigers : LHP Ben Burton
|
Batting: RHB Dan Muse
|
0-0: Called Strike 0-1: Ball 1-1: Ball 2-1: Foul Ball, location: 2F 2-2: SINGLE (Groundball, 6S, EV 68.8 MPH) (infield hit)
|
Batting: RHB Kenzo Shinoda
|
0-0: Foul Ball, location: 2F 0-1: Swinging Strike 0-2: Strikes out looking
|
Batting: RHB Adam Turpin
|
0-0: Ball 1-0: Swinging Strike 1-1: Called Strike 1-2: Ball 2-2: Strikes out swinging
|
Pitching: RHP Ryan Van Riper
|
|
Batting: RHB Steve Gusman
|
0-0: Foul Ball, location: 2F 0-1: Ball 1-1: Ground out 5-3 (Groundball, 56, EV 107.5 MPH)
|
Bottom of the 8th over - 0 runs, 1 hit, 0 errors, 1 left on base; Louisiana State University 6 - University of Alabama 1 |
TOP OF THE 9TH |
Louisiana State University Tigers batting - Pitching for University of Alabama Crimson Tide : RHP Edward Rios
|
Batting: RHB Brandon White
|
0-0: Called Strike 0-1: Foul Ball, location: 2F 0-2: Foul Ball, location: 2F 0-2: Strikes out swinging
|
Batting: RHB Brad Santanello
|
0-0: Called Strike 0-1: Hit by Pitch
|
Batting: RHB Jeremy Witt
|
0-0: Ball 1-0: Foul Ball, location: 2F 1-1: Ball 2-1: Ball 3-1: Base on Balls Brad Santanello to second
|
Batting: RHB Julian Gregory
|
0-0: Foul Ball, location: 2F 0-1: Ball 1-1: Foul Ball, location: 2F 1-2: Foul Ball, location: 2F 1-2: Ball 2-2: 3-RUN HOME RUN (Line Drive, 78XD, EV 105.0 MPH), Distance : 431 ft
|
Batting: RHB Dave Fredericks
|
0-0: Called Strike 0-1: Ball 1-1: SINGLE (Line Drive, 56D, EV 100.6 MPH)
|
Batting: RHB Ethan Finke
|
0-0: Foul Ball, location: 2F 0-1: Called Strike 0-2: Strikes out swinging
|
Pinch Hitting: RHB Roberto Torres
|
0-0: Ball 1-0: Swinging Strike 1-1: SINGLE (Flyball, 4D, EV 91.3 MPH) Dave Fredericks to second
|
Pinch Hitting: LHB David Bearden
|
0-0: Called Strike 0-1: Ball 1-1: Ball 2-1: Ball 3-1: Base on Balls Dave Fredericks to third Roberto Torres to second
|
Batting: RHB Tony Godley
|
0-0: Ball 1-0: Called Strike 1-1: Ball 2-1: Swinging Strike 2-2: Hit by Pitch Dave Fredericks scores Roberto Torres to third David Bearden to second
|
Pitching: RHP Ross Dempsey
|
|
Batting: RHB Brandon White
|
0-0: Fly out, F6 (Popup, 6, EV 69.4 MPH)
|
Top of the 9th over - 4 runs, 3 hits, 0 errors, 3 left on base; Louisiana State University 10 - University of Alabama 1 |
BOTTOM OF THE 9TH |
University of Alabama Crimson Tide batting - Pitching for Louisiana State University Tigers : RHP Ryan Van Riper
|
Now at C: Roberto Torres
|
|
Now at 2B: Edgar Cuesta
|
|
Batting: RHB Eric Kuck
|
0-0: Ball 1-0: Ball 2-0: Called Strike 2-1: Foul Ball, location: 2F 2-2: Strikes out swinging
|
Pinch Hitting: RHB Kai Johnson
|
0-0: Swinging Strike 0-1: Ball 1-1: Called Strike 1-2: Ball 2-2: Ball 3-2: SINGLE (Groundball, 4MD, EV 105.0 MPH)
|
Pinch Hitting: RHB Adam Krieger
|
0-0: Foul Ball, location: 2F 0-1: Foul Ball, location: 2F 0-2: Foul Ball, location: 2F 0-2: Strikes out swinging
|
Pinch Hitting: SHB Jose Baca
|
0-0: Ball 1-0: SINGLE (Line Drive, 4MD, EV 106.3 MPH) Kai Johnson to second
|
Pinch Hitting: SHB David Garnica
|
0-0: Called Strike 0-1: Ball 1-1: Ball 2-1: Ground out U3 (Groundball, 3, EV 90.0 MPH)
|
Bottom of the 9th over - 0 runs, 2 hits, 0 errors, 2 left on base; Louisiana State University 10 - University of Alabama 1 |
|